 Dungeon Crawl Stone Soup version 0.28.0-45-g0d030f2227 (webtiles) character file.

Game seed: 7790950747671737062

70 MisterFreud the Cudgeller (level 4, -1/37 HPs)
             Began as a Palentonga Fighter on Apr 11, 2022.
             Slain by a gnoll
             ... wielding a +0 whip
              (7 damage)
             ... on level 2 of the Dungeon.
             The game lasted 00:02:32 (1569 turns).

MisterFreud the Cudgeller (Palentonga Fighter)      Turns: 1569, Time: 00:02:34

Health: -1/37      AC:  8    Str: 20    XL:     4   Next: 4%
Magic:  4/4        EV:  8    Int:  8    God:
Gold:   111        SH:  4    Dex: 11    Spells: 3/3 levels left

rFire   . . .      SeeInvis +   a - +0 flail
rCold   . . .      Faith    .   c - +0 buckler
rNeg    . . .      Spirit   .   k - +1 ring mail {Will+}
rPois   .          Reflect  .   (no helmet)
rElec   .          Harm     .   (no cloak)
rCorr   .          Rampage  .   p - +0 pair of gloves
Will    +....                   (no barding)
Stlth   +.........              (no amulet)
HPRegen 0.12/turn               (no ring)
MPRegen 0.09/turn               (no ring)

@: no status effects
A: large, rugged brown scales 3, see invisible, deformed body, roll 1, armoured
tail
a: Rolling Charge


You were on level 2 of the Dungeon.
You visited 1 branch of the dungeon, and saw 2 of its levels.

You collected 111 gold pieces.

Inventory:

Hand Weapons
 a - a +0 flail (weapon)
Missiles
 l - 2 poisoned darts
Armour
 c - a +0 buckler (worn)
 k - a +1 ring mail of willpower (worn)
 p - a +0 pair of gloves (worn)
Jewellery
 b - an amulet of the acrobat
Scrolls
 e - a scroll of fog {unknown}
 f - a scroll of enchant weapon {unknown}
 g - 2 scrolls of identify {unknown}
 h - 2 scrolls of amnesia {unknown}
 j - 2 scrolls of summoning {unknown}
 m - a scroll of brand weapon {unknown}
 n - a scroll of torment {unknown}
 o - a scroll of fear {unknown}
Potions
 d - a potion of might
 i - a potion of mutation {unknown}


   Skills:
 - Level 3.0 Fighting
 + Level 4.3 Maces & Flails
 - Level 2.4 Armour
 - Level 2.4 Shields


You had 3 spell levels left.
You didn't know any spells.
Your spell library was empty.

Dungeon Overview and Level Annotations

Branches:
Dungeon (2/15)

Altars:


Innate Abilities, Weirdness & Mutations

You are completely covered in rugged brown scales. (AC +3, +7% HP)
You have supernaturally acute eyesight. (SInv)
Armour fits poorly on your strangely shaped body.
You can roll at nearby foes to attack.
You have a long armoured tail.


Message History

You kill the endoplasm!
No target in view!
No target in view!
p - a +0 pair of gloves You start putting on your armour.
You continue putting on your +0 pair of gloves. x4
You finish putting on your +0 pair of gloves.
You now have 111 gold pieces (gained 9).
You see here a jackal corpse.
A gnoll comes into view. It is wielding a +0 whip.
A gnoll is nearby!
A gnoll comes into view. It is wielding a +0 halberd.
The gnoll shouts! x2
A gnoll comes into view. It is wielding a +0 club.
There's nothing you can charge at!
You roll forward with a clatter of scales!
You barely miss the gnoll. You block the gnoll's attack.
The gnoll hits you but does no damage. The gnoll barely misses you.
You sock the gnoll!
Your tail-slap misses the gnoll.
The gnoll is severely wounded.
The gnoll hits you but does no damage. The gnoll closely misses you.
Unknown command.
You barely miss the gnoll.
The gnoll is severely wounded.
The gnoll completely misses you. The gnoll hits you with a +0 halberd!
You closely miss the gnoll.
The gnoll is severely wounded.
The gnoll hits you with a +0 whip. The gnoll hits you with a +0 halberd.
The gnoll barely misses you. The gnoll hits you with a +0 halberd.
You closely miss the gnoll.
The gnoll is severely wounded.
The gnoll closely misses you. The gnoll hits you with a +0 halberd!
You hit the gnoll but do no damage.
The gnoll is severely wounded.
The gnoll closely misses you. The gnoll hits you with a +0 halberd!
* * * LOW HITPOINT WARNING * * *
You closely miss the gnoll.
Your tail-slap misses the gnoll.
The gnoll is severely wounded.
The gnoll hits you with a +0 whip!
You die...

#..########....####.##
#...#######.##........
#....#...... ##....#.#
##.#....#######..##....
.#..#.#....####..####...
................###....#
###......###..(...#.....#
#..####.# ###..#.....##.
.... #@###...)......... .##
#gg##.#.##..###... #.#
##g...#.##........
#.#####..##..##.).†###. #
#.##....###........# ## #.
#.##.##.#####....#)###.
#..#
#.##.##.##......##.....
#...
#.##.##...........####.
#...#.#..##.#####..##......


You could see 3 gnolls.

Vanquished Creatures
  A hound skeleton (D:2)
  A worm (D:2)
  A dart slug (D:2)
  3 ball pythons
  6 endoplasms
  A giant cockroach (D:1)
  6 goblins
  2 hobgoblins (D:2)
  7 jackals
  8 kobolds
  3 quokkas
  5 bats
  A frilled lizard (D:1)
  A rat (D:2)
46 creatures vanquished.

Notes
Turn   | Place    | Note
-------+----------+-------------------------------------------
     0 | D:1      | MisterFreud the Palentonga Fighter began the quest for the
                  | Orb.
     0 | D:1      | Reached XP level 1. HP: 19/19 MP: 1/1
   192 | D:1      | Reached XP level 2. HP: 21/23 MP: 2/2
   209 | D:1      | Reached skill level 3 in Maces & Flails
   951 | D:2      | Reached XP level 3. HP: 16/31 MP: 3/3
  1297 | D:2      | Reached skill level 4 in Maces & Flails
  1524 | D:2      | Reached XP level 4. HP: 36/37 MP: 4/4
  1569 | D:2      | Slain by a gnoll

Illustrated notes

Levels and vault maps discovered:
D:1:      lemuel_arrival_room, layout_loops_ring
D:2:      layout_rooms, minmay_cupped

Skill      XL: |  1  2  3 |
---------------+----------+-----
Maces & Flails | 3 4 |  4.3
Fighting       | |  3.0
Armour         | |  2.4
Shields        | |  2.4

Action                   |  1- 3 |  4- 6 || total
-------------------------+-------+-------++-------
Melee: Flail             |   113 |    10 ||   123
       Tailslap          |    13 |       ||    13
 Abil: Rolling Charge    |    31 |     1 ||    32
Armor: Scale mail        |    22 |       ||    22
       Ring mail         |    39 |     2 ||    41
Dodge: Dodged            |    31 |     6 ||    37
Block: Buckler           |    13 |     2 ||    15
